 Dungeon Sprint DCSS version 0.27-a0-695-gb4952372f7 (webtiles) character file.

Game seed: 1759300500267454740

3752 mhtbhm the Severer (level 9, 0/90 HPs)
             Began as a Minotaur Fighter on Mar 21, 2021.
             Was a High Priest of Okawaru.
             Slain by an orc knight
             ... wielding a +0 glaive
              (14 damage)
             ... in the Dungeon (Sprint VII: "The Pits").
             The game lasted 00:02:59 (1413 turns).

mhtbhm the Severer (Minotaur Fighter)               Turns: 1413, Time: 00:03:00

Health: 0/90       AC: 18    Str: 26    XL:     9   Next: 93%
Magic:  8/8        EV: 10    Int:  8    God:    Okawaru [*****.]
Gold:   0          SH: 14    Dex: 11    Spells: 8/8 levels left

rFire    . . .     SeeInvis .   a - +1 broad axe (vorpal)
rCold    . . .     Faith    .   c - +0 kite shield
rNeg     . . .     Spirit   .   b - +4 chain mail
rPois    .         Reflect  .   (helmet restricted)
rElec    .         Harm     .   (no cloak)
rCorr    .         Rampage  .   (no gloves)
Will     .....     NoTele   +   r - +0 pair of boots {Stlth+}
Stlth    ..........             (no amulet)
HPRegen  0.25/turn              n - +3 ring of intelligence
MPRegen  0.11/turn              o - +3 ring of strength

@: no status effects
A: horns 2, retaliatory headbutt
a: Renounce Religion, Heroism, Finesse


You were in the Dungeon.
You worshipped Okawaru.
Okawaru was extremely pleased with you.
You visited 1 branch

Inventory:

Hand Weapons
 a - a +1 vorpal broad axe (weapon)
Armour
 b - a +4 chain mail (worn)
 c - a +0 kite shield (worn)
 r - a +0 pair of boots of stealth (worn)
Jewellery
 n - a +3 ring of intelligence (right hand)
 o - a +3 ring of strength (left hand)
Scrolls
 j - a scroll of blinking
 l - 5 scrolls of amnesia
 m - a scroll of summoning
Potions
 d - 2 potions of might
 e - 9 potions of curing
 f - 2 potions of heal wounds
 g - a potion of haste
 h - 4 potions of magic
 i - 4 potions of berserk rage
 k - 2 potions of invisibility
 p - a potion of brilliance
 q - a potion of mutation


   Skills:
 + Level 12.1 Fighting
 + Level 15.7 Axes
 + Level 12.5 Armour
 + Level 4.4 Dodging
 + Level 13.6 Shields


You had 8 spell levels left.
You didn't know any spells.
Your spell library was empty.

Dungeon Overview and Level Annotations

Branches:
Dungeon (1/1)

Altars:
Ashenzari
Cheibriados
Dithmenos
Elyvilon
Fedhas
Gozag
Hepliaklqana
Kikubaaqudgha
Makhleb
Nemelex Xobeh
Okawaru
Qazlal
Ru
Sif Muna
Trog
Uskayaw
Vehumet
Wu Jian
Xom
Yredelemnul
Zin
The Shining One
Beogh
Jiyva
Lugonu


Innate Abilities, Weirdness & Mutations

You have a pair of horns on your head.
You reflexively headbutt those who attack you in melee.


Message History

You block the orc warrior's attack.
Unknown command.
You slash the orc warrior!
You kill the orc warrior!
Okawaru accepts your kill.
You hit the orc knight but do no damage.
The orc knight hits you with a +0 glaive!!
* * * LOW HITPOINT WARNING * * *
Unknown command.
You feel much better. You block the orc knight's attack.
You closely miss the orc knight.
You headbutt the orc knight, but do no damage.
The orc knight hits you with a +0 glaive!!
* * * LOW HITPOINT WARNING * * *
Unknown command.
You feel much better. You block the orc knight's attack.
You slice the orc knight!!
You headbutt the orc knight, but do no damage.
The orc knight is moderately wounded.
You block the orc knight's attack.
You slash the orc knight!
The orc knight is severely wounded.
The orc knight barely misses you.
You slash the orc knight!
The orc knight is severely wounded.
The orc knight hits you with a +0 glaive.
* * * LOW HITPOINT WARNING * * *
You barely miss the orc knight. Your headbutt misses the orc knight.
The orc knight is severely wounded.
The orc knight hits you with a +0 glaive!
* * * LOW HITPOINT WARNING * * *
You barely miss the orc knight.
The orc knight is severely wounded.
You hit the orc knight but do no damage.
The orc knight is severely wounded.
You block the orc knight's attack.
You closely miss the orc knight.
The orc knight is severely wounded.
The orc knight hits you with a +0 glaive!
You die...

####'#####''######
#....†..##''#####
#.......##......#
#.......##......#
#...<...###....## ##
#.......# ##''## ##..+
#.......###....###....#
#.......##......#)...#
##########......@o...+
##########.....)#)...#
...#..[[###....###....#
...#.[[.# ##''## ##..+
...'..))# #[)..# ##
...#..))##......#
...#..))##......#
#################


You could see an orc knight.

Vanquished Creatures
  3 boulder beetles (D)
  A guardian mummy (D)
  A small abomination (D)
  A spriggan (D)
  A wraith (D)
  A vampire mosquito (D)
  2 steam dragons (D)
  A water moccasin (D)
  An orc warrior (D)
  2 necrophages (D)
  A phantom (D)
  A bullfrog (D)
  A crimson imp (D)
  2 orc priests (D)
  A worker ant (D)
  A river rat (D)
  2 white imps (D)
  An ufetubus (D)
  An adder skeleton (D)
  A leopard gecko (D)
  5 orcs (D)
  2 giant cockroaches (D)
  2 goblins (D)
  A hobgoblin (D)
  A kobold (D)
  A ball python (D)
  A leopard gecko skeleton (D)
39 creatures vanquished.

Notes
Turn   | Place    | Note
-------+----------+-------------------------------------------
     0 | D        | mhtbhm the Minotaur Fighter began the quest for the Orb.
     0 | D        | Reached XP level 1. HP: 19/19 MP: 0/0
    18 | D        | Found a bloodstained altar of Trog.
    18 | D        | Found a shimmering blue altar of Sif Muna.
    18 | D        | Found a viscous altar of Jiyva.
    18 | D        | Found a hazy altar of Hepliaklqana.
    18 | D        | Found an opulent altar of Gozag.
    19 | D        | Found a glowing golden altar of the Shining One.
    19 | D        | Found a glowing silver altar of Zin.
    19 | D        | Found a basalt altar of Yredelemnul.
    19 | D        | Found a shimmering altar of Xom.
    19 | D        | Found an ornate altar of the Wu Jian Council.
    19 | D        | Found a sacrificial altar of Ru.
    19 | D        | Found a stormy altar of Qazlal.
    19 | D        | Found an iron altar of Okawaru.
    19 | D        | Found a sparkling altar of Nemelex Xobeh.
    19 | D        | Found a burning altar of Makhleb.
    19 | D        | Found a blossoming altar of Fedhas.
    19 | D        | Found a white marble altar of Elyvilon.
    19 | D        | Found a shadowy altar of Dithmenos.
    19 | D        | Found a snail-covered altar of Cheibriados.
    21 | D        | Found a radiant altar of Vehumet.
    21 | D        | Found a corrupted altar of Lugonu.
    23 | D        | Found an ancient bone altar of Kikubaaqudgha.
    23 | D        | Found a hide-covered altar of Uskayaw.
    23 | D        | Found a broken altar of Ashenzari.
    27 | D        | Became a worshipper of Warmaster Okawaru
    72 | D        | Reached skill level 3 in Axes
    72 | D        | Reached XP level 2. HP: 21/28 MP: 1/1
   182 | D        | Reached skill level 5 in Fighting
   182 | D        | Reached skill level 4 in Axes
   182 | D        | Reached skill level 5 in Armour
   182 | D        | Reached skill level 5 in Shields
   182 | D        | Reached XP level 3. HP: 29/36 MP: 2/2
   334 | D        | Noticed a necrophage
   339 | D        | Killed a necrophage
   339 | D        | Reached * piety under Okawaru
   340 | D        | Reached skill level 6 in Axes
   340 | D        | Reached skill level 1 in Dodging
   340 | D        | Reached XP level 4. HP: 47/47 MP: 3/3
   340 | D        | Reached XP level 5. HP: 52/52 MP: 4/4
   379 | D        | Reached skill level 7 in Axes
   381 | D        | Noticed a vampire mosquito
   397 | D        | Killed a vampire mosquito
   397 | D        | Reached ** piety under Okawaru
   398 | D        | Reached skill level 9 in Axes
   398 | D        | Reached XP level 6. HP: 46/62 MP: 5/5
   400 | D        | Noticed a water moccasin
   405 | D        | Killed a water moccasin
   411 | D        | Reached skill level 10 in Axes
   412 | D        | Reached XP level 7. HP: 52/69 MP: 6/6
   490 | D        | Noticed a steam dragon
   490 | D        | Noticed a wraith
   502 | D        | Reached skill level 11 in Axes
   502 | D        | Reached skill level 10 in Shields
   511 | D        | Killed a steam dragon
   511 | D        | Reached *** piety under Okawaru
   512 | D        | Reached skill level 10 in Armour
   529 | D        | Killed a wraith
   651 | D        | Noticed a steam dragon
   651 | D        | Noticed a boulder beetle
   655 | D        | Killed a steam dragon
   656 | D        | Reached skill level 12 in Axes
   656 | D        | Reached XP level 8. HP: 78/78 MP: 7/7
   673 | D        | Killed a boulder beetle
   673 | D        | Reached **** piety under Okawaru
   674 | D        | Reached skill level 10 in Fighting
   674 | D        | Reached skill level 13 in Axes
   683 | D        | Noticed a boulder beetle
   683 | D        | Noticed a boulder beetle
  1143 | D        | Killed a boulder beetle
  1143 | D        | Reached ***** piety under Okawaru
  1144 | D        | Reached skill level 14 in Axes
  1144 | D        | Reached XP level 9. HP: 47/89 MP: 8/8
  1195 | D        | Killed a boulder beetle
  1195 | D        | Received a gift from Okawaru
  1196 | D        | Reached skill level 15 in Axes
  1385 | D        | Noticed an orc knight
  1385 | D        | Noticed a guardian mummy
  1394 | D        | Killed a guardian mummy
  1405 | D        | HP: 2/90 [orc knight/+0 glaive (18)]
  1413 | D        | Slain by an orc knight

Illustrated notes

Levels and vault maps discovered:
D:        pitsprint [storerooms_1, entrance_room_1, metal_vault_2, armoury_2,
          mini_pit_1, grid_room_1, main_hall_1, silver_pit, the_coven_1,
          the_vestibule_1, steel_vault_2, golden_pit, hallway_of_sentries,
          crystal_vault_4, iron_vault_2, final_vault]

Skill      XL: |  1  2  3  4  5  6  7  8  9 |
---------------+----------------------------+-----
Fighting       | 4 5 7 8 9 11 12 | 12.1
Axes           | 3 4 6 9 10 12 14 15 | 15.7
Armour         | 4 5 6 8 9 10 11 12 | 12.5
Shields        | 4 5 7 9 11 12 13 | 13.6
Dodging        | 1 2 3 4 |  4.4

Action                   |  1- 3 |  4- 6 |  7- 9 || total
-------------------------+-------+-------+-------++-------
Melee: Hand axe          |    22 |    54 |    40 ||   116
       Headbutt          |     5 |    10 |    25 ||    40
       War axe           |     1 |       |       ||     1
       Broad axe         |       |       |    71 ||    71
  Use: Potion            |       |       |     6 ||     6
Armor: Scale mail        |     7 |       |       ||     7
       Plate armour      |     2 |    31 |    11 ||    44
       Chain mail        |       |       |    14 ||    14
Dodge: Dodged            |     6 |    10 |    25 ||    41
Block: Kite shield       |    13 |    29 |    58 ||   100

Table legend: (Time is in decaauts)
 A = Elapsed time spent in this place.
 B = Non-inter-level travel time spent in this place.
 C = Inter-level travel time spent in this place.
 D = Time resting spent in this place.
 E = Time spent auto-exploring this place.
 F = Levels seen in this place.
 G = Mean time per level.
                   A        B        C        D        E       F      G
               +--------+--------+--------+--------+--------+-----+--------+
         Total |   1422 |   1422 |      0 |    742 |    180 |   1 | 1422.0 |
       Dungeon |   1422 |   1422 |      0 |    742 |    180 |   1 | 1422.0 |
               +--------+--------+--------+--------+--------+-----+--------+

Top non-repeatable levels by time:
       D: 1422 daAuts
